 Dungeon Crawl Stone Soup version 0.31-a0-8-gd14b0f4ee2 (webtiles) character file.

Game seed: 13282776702540088754

114747 Zlot the Covert (level 16, -15/115 (118) HPs)
             Began as a Demonspawn Brigand on May 5, 2023.
             Was an Initiate of Gozag.
             Demolished by a +6 eveningstar of draining (33 damage)
             ... on level 2 of the Elven Halls on May 6, 2023.
             The game lasted 01:46:12 (30196 turns).

Zlot the Covert (Demonspawn Brigand)               Turns: 30196, Time: 01:46:12

HP:   -15/115 (118) AC: 16    Str: 16    XL:     16   Next: 17%
MP:   6/30          EV: 19    Int: 20    God:    Gozag
Gold: 1454          SH: 13    Dex: 17    Spells: 14/35 levels left

rFire   + + .        a - +7 Spriggan's Knife {stab, EV+4 Stlth+}
rCold   + + .        E - +3 warlock's mirror {omnireflect}
rNeg    + . .        S - +2 robe {rC+ rF+}
rPois   +            T - +3 helmet of Mopuywef {+Inv rN+ Stlth+}
rElec   .            y - scarf {rC+ rF+}
rCorr   .            B - +2 pair of gloves {Stlth+}
SInv    +            j - +1 pair of boots of Yredelemnul's Delight {Rampage Int+4 SInv}
Will    +....        v - amulet of reflection
Stlth   ++++++++     c - ring of wizardry
HPRegen 0.39/turn    O - ring of poison resistance
MPRegen 0.22/turn

%: reflection, rampage, wizardry (x1)
@: lightly drained
A: hooves 2, yellow scales 1, demonic guardian 2, spiny 3, augmentation 1,
strong 1, subdued magic 1
a: Renounce Religion, Evoke Invisibility, Potion Petition, Call Merchant, Bribe
Branch


You were on level 2 of the Elven Halls.
You worshipped Gozag.
Gozag was most pleased with you.
You visited 7 branches of the dungeon, and saw 27 of its levels.
You also visited: Bailey.

You collected 8132 gold pieces.
You spent 4348 gold pieces at shops.
You paid 2330 gold pieces to Gozag.

Inventory:

Hand Weapons
 a - the +7 Spriggan's Knife (weapon) {stab, EV+4 Stlth+}
   (You acquired it in a bailey)

   Stab:      It is more effective when stabbing unaware enemies, sometimes
   treating them as though they were completely helpless.
   EV:        It affects your evasion (+4).
   Stlth:     It makes you more stealthy.
 b - the +8 falchion "Hellblazer" {flame, *Rage Will+++ Str+9 Dex-4}
   (You found it on level 12 of the Dungeon)

   Str:       It affects your strength (+9).
   Dex:       It affects your dexterity (-4).
   *Rage:     It berserks you when you make melee attacks (+20% chance).
   Will:      It greatly increases your willpower.
Missiles
 d - 33 poisoned darts (quivered)
 l - 7 curare-tipped darts
 m - 3 javelins
 u - 26 boomerangs
 x - 2 atropa-tipped darts
 z - a throwing net
 Z - 8 boomerangs of dispersal
Armour
 j - the +1 pair of boots of Yredelemnul's Delight (worn) {Rampage Int+4 SInv}
   (You found it on level 15 of the Dungeon)

   Int:       It affects your intelligence (+4).
   SInv:      It lets you see invisible.
   Rampage:   It bestows one free step when moving towards enemies.
 y - a scarf of resistance (worn)
 B - a +2 pair of gloves of stealth (worn)
 E - the +3 warlock's mirror (worn) {omnireflect}
   (You found it on level 12 of the Dungeon)

   Omnireflect: It can block and reflect piercing ranged attacks and magical
   attacks against the wielder's willpower.
 S - a +2 robe of resistance (worn)
 T - the +3 helmet of Mopuywef (worn) {+Inv rN+ Stlth+}
   (You bought it in a shop on level 7 of the Dungeon)

   rN:        It protects you from negative energy.
   +Inv:      It lets you turn invisible.
   Stlth:     It makes you more stealthy.
Magical Staves
 R - a staff of conjuration
Jewellery
 c - a ring of wizardry (left hand)
 v - an amulet of reflection (around neck)
 O - a ring of poison resistance (right hand)
Wands
 o - a wand of flame (40)
 C - a wand of mindburst (3)
 D - a wand of polymorph (5)
 G - a wand of digging (1)
 N - a wand of light (14)
 Y - a wand of paralysis (11)
Scrolls
 e - a scroll of amnesia
 g - a scroll of blinking
 i - a scroll of butterflies
 n - 4 scrolls of identify
 p - a scroll of fog
 q - 3 scrolls of poison
 s - 8 scrolls of teleportation
 A - 2 scrolls of fear
 P - 2 scrolls of magic mapping
Potions
 f - a potion of haste
 h - 3 potions of berserk rage
 r - a potion of resistance
 H - a potion of cancellation
 I - 5 potions of curing
Miscellaneous
 k - a condenser vane
 V - a phantom mirror


   Skills:
 * Level 8.7 Fighting
 + Level 6.6 Short Blades
 + Level 4.2 Throwing
 * Level 7.1 Armour
 + Level 7.2 Dodging
 - Level 12.7 Stealth
 + Level 4.8 Shields
 + Level 10.2 Spellcasting
 * Level 7.4 Conjurations
 - Level 8.9 Hexes
 - Level 8.6 Summonings
 * Level 4.8 Fire Magic
 * Level 10.7 Evocations


You had 14 spell levels left.
You knew the following spells:

 Your Spells              Type           Power      Damage    Failure   Level
a - Slow                  Hex            100%       N/A       1%          1
b - Summon Cactus Giant   Summ           17%        N/A       13%         6
c - Confusing Touch       Hex            35%        N/A       1%          3
d - Summon Mana Viper     Hex/Summ       34%        N/A       1%          5
e - Scorch                Fire           44%        2d6       1%          2
f - Sticky Flame          Conj/Fire      26%        2d5       2%          4

Your spell library contained the following spells:

 Spells                   Type           Power      Damage    Failure   Level
 Call Imp                 Summ           68%        N/A       1%          2
 Stone Arrow              Conj/Erth      38%        3d9       1%          3
 Sandblast                Erth           14%        2d6       2%          1
 Flame Wave               Conj/Fire      26%        2d8       2%          4
 Passwall                 Tmut/Erth      5%         N/A       4%          2
 Ignite Poison            Fire/Tmut/Pois 12%        N/A       4%          3
 Summon Ice Beast         Ice/Summ       21%        N/A       4%          4
 Vampiric Draining        Necr           7%         2d6       9%          3
 Summon Forest            Summ/Tloc      10%        N/A       14%         5
 Monstrous Menagerie      Summ           17%        N/A       56%         7
 Borgnjor's Vile Clutch   Necr/Erth      3%         N/A       63%         5
 Iron Shot                Conj/Erth      9%         9d3       67%         6
 Death Channel            Necr           3%         N/A       99%         6
 Statue Form              Tmut/Erth      4%         N/A       99%         6
 Ignition                 Fire           11%        3d5       100%        8
 Chain Lightning          Conj/Air       9%         3d12      100%        9
 Fire Storm               Conj/Fire      13%        8d3       100%        9
 Shatter                  Erth           3%         3d7*      100%        9
 Animate Dead             Necr           Unusable   N/A       N/A         4

Dungeon Overview and Level Annotations

Branches:
Dungeon (15/15)            Temple (1/1) D:6            Lair (5/5) D:9
 Shoals (1/4) Lair:2       Spider (1/4) Lair:2        Slime (0/5) Lair:5
    Orc (2/2) D:12            Elf (1/3) Orc:2        Vaults (0/5) D:14
 Depths (0/4) D:15         Bailey (visited)

Altars:
Ashenzari
Cheibriados
Dithmenos
Fedhas
Gozag
Hepliaklqana
Kikubaaqudgha
Makhleb
Nemelex Xobeh
Okawaru
Qazlal
Ru
Sif Muna
Trog
Uskayaw
Vehumet
Wu Jian
Xom
Yredelemnul
Jiyva

Shops:
D:2 *   D:6 [   D:7 [   D:14 **?(*   Orc:1 :   Orc:2 [[*[[   Lair:3 [

Annotations:
D:6 2 transporters, FlurksSlurper's ghost, novice DsBr
Orc:1 2 transporters, DogOnAStick's ghost, novice MfGl


Innate Abilities, Weirdness & Mutations

You have hoof-like feet.
You are partially covered in yellow scales. (AC +2)
A demonic guardian rushes to your aid.
You are completely covered in sharp spines.
Your magical and physical power is slightly enhanced at high health.
Your muscles are strong. (Str +4, Int/Dex -1)
Your spells are a little easier to cast, but a little less powerful.


Message History

A +6 eveningstar of draining comes into view.
Casting: Summon Cactus Giant (dangerous; 13% risk of failure)
Confirm with . or Enter, or press ? or * to list all spells.
What are your orders? t - Shout!
Orders for allies: a - Attack new target. r - Retreat! s - Stop attacking. g - Guard the area. f - Follow me.
Anything else - Cancel.
Gang up on whom?
Press: ? - help, Dir - move target, f - +6 eveningstar of draining
Aim: a +6 eveningstar of draining (ally target) Attack!
Your cactus giant completely misses the +6 eveningstar of draining.
Unknown command.
Casting: Summon Cactus Giant (dangerous; 13% risk of failure)
Confirm with . or Enter, or press ? or * to list all spells.
A mana viper appears with a sibilant hiss.
Unknown command.
You swap places.
The +6 eveningstar of draining hits your mana viper!!
The +6 eveningstar of draining drains your mana viper.
Your mana viper bites the +6 eveningstar of draining!
The +6 eveningstar of draining completely misses your mana viper.
Your mana viper misses the +6 eveningstar of draining.
The +6 eveningstar of draining hits your mana viper!!!
Your mana viper dies!
Your mana viper disappears in a puff of smoke!
Unknown command.
You hit the +6 eveningstar of draining but do no damage.
The +6 eveningstar of draining is moderately damaged.
The +6 eveningstar of draining is struck by your spines.
The +6 eveningstar of draining hits you!!
* * * LOW HITPOINT WARNING * * *
A demonic guardian appears!
You partially resist.
You feel drained.
* * * LOW HITPOINT WARNING * * *
You feel better.
The +6 eveningstar of draining hits you!!
You die...
Your body crumbles into a pile of gold.

#..)#......#......
#....#..).#.........#.
#.....#..#...........#
##.)...##.............
##.....##.............
#.....#..#...........#
#...$#....#.........#.
#...#......#.......#..
#..#.@......#.)...#...
#.#..(.......#...#....
##...3C.......###.....
#............# #.....
##............# #.....
#.#..........#...#.)..
#..#........#.....#...
#...#......#.......#..
#....#....#.........#.


You could see a +6 eveningstar of draining (ally target), a friendly cactus
giant (summoned) and a friendly smoke demon (summoned).

Vanquished Creatures
  Frances (Lair:2)
  Roxanne (D:15)
  An orc warlord (Bailey)
  Azrael (D:14)
  A quicksilver dragon zombie (D:15)
  Snorg (D:10)
  2 vault guards (D:14)
  A catoblepas (Lair:4)
  Erica (Lair:2)
  A hydra (Lair:4)
  3 ogre magi
  4 centaur warriors
  5 boulder beetles
  A merfolk aquamancer (Shoals:1)
  11 two-headed ogres
  2 tengu warriors (D:14)
  3 dancing weapons (Elf:2)
  Sonja (Orc:1)
  3 skysharks
  A pharaoh ant (Spider:1)
  3 deep elf knights (Elf:2)
  A sun moth (Spider:1)
  3 skeletal warriors (D:15)
  A sea snake (Lair:2)
  3 orb spiders (Spider:1)
  A harpy (Lair:2)
  A wizard (D:14)
  A necromancer (D:15)
  2 steelbarb worms (Spider:1)
  3 deep elf pyromancers
  A wolf spider (Spider:1)
  4 cyclopes
  5 deep elf zephyrmancers
  2 manticores
  An oklob plant (Lair:3)
  An orc sorcerer (D:12)
  8 ugly things
  An elephant (Lair:5)
  A moth of wrath (Spider:1)
  2 black mambas (Lair:4)
  A gargoyle (D:12)
  A torpor snail (Spider:1)
  2 demonic crawlers (Spider:1)
  9 cane toads
  An unseen horror (D:10)
  A rime drake (shapeshifter) (D:14)
  4 nameless horrors
  6 komodo dragons
  5 yaktaurs
  An efreet (D:14)
  3 tengu conjurers
  2 spriggan skeletons (D:15)
  A troll (shapeshifter) (D:15)
  3 polar bears
  A guardian mummy (D:15)
  A queen bee (D:11)
  4 trolls
  Prince Ribbit (D:7)
  A snapping turtle (Shoals:1)
  Grinder (D:5)
  A hornet (D:9)
  4 tarantellas (Spider:1)
  9 blink frogs
  9 slime creatures
  3 jumping spiders (Spider:1)
  A shadow (D:11)
  Sigmund (D:2)
  An air elemental (Elf:1)
  5 water elementals
  4 wyverns
  3 wraiths
  42 yaks
  A human (D:14)
  2 basilisks
  A steam dragon (D:10)
  2 redbacks (Spider:1)
  2 fire elementals (D:14)
  6 vampire mosquitoes
  Edmund (D:5)
  A warg (Orc:2)
  An acid dragon (D:10)
  5 water moccasins
  2 hell hounds (D:14)
  A swamp drake (D:12)
  17 orc warriors
  2 ice beasts (D:7)
  A black bear (D:5)
  11 wolves
  4 boggarts (D:15)
  19 ogres
  3 centaurs
  A kobold brigand (D:8)
  2 phantoms (D:5)
  2 gnoll sergeants
  18 bullfrogs
  A scorpion (D:5)
  3 wights
  30 killer bees
  A howler monkey (D:7)
  3 electric eels
  6 hounds
  2 jellies (Lair:5)
  23 orc priests
  A sleepcap (D:4)
  Jessica (D:2)
  4 iguanas
  7 orc wizards
  9 gnolls
  10 adders
  A shadow imp (D:6)
  A white imp (D:7)
  2 ufetubi
  2 worms
  3 dart slugs
  72 orcs
  8 endoplasms
  6 giant cockroaches
  9 goblins
  7 hobgoblins
  7 jackals
  19 kobolds
  3 quokkas
  4 ball pythons
  7 bats
  3 frilled lizards
  10 rats
592 creatures vanquished.

Vanquished Creatures (collateral kills)
  An orc warlord (Orc:1)
  2 broodmothers
  An entropy weaver (Spider:1)
  3 vault guards (D:14)
  2 hydras
  2 ogre magi (Orc:2)
  6 two-headed ogres (Orc:2)
  7 dancing weapons (Elf:2)
  2 tengu warriors
  3 deep elf knights
  3 skeletal warriors (D:15)
  A sea snake (Lair:5)
  A flayed ghost (D:15)
  A harpy (Lair:5)
  2 deep elf pyromancers
  2 orc knights
  A wolf spider (Lair:2)
  2 deep elf zephyrmancers (Elf:1)
  An orc sorcerer (Orc:2)
  A frost giant zombie (D:15)
  A gargoyle (D:14)
  2 demonic crawlers (Spider:1)
  A rime drake (Lair:4)
  2 komodo dragons
  2 tarantellas (Spider:1)
  3 nameless horrors
  3 blink frogs (Lair:5)
  2 jumping spiders (Spider:1)
  A culicivora (Spider:1)
  10 yaks
  A slime creature (D:12)
  A wyvern (Lair:5)
  A basilisk (Lair:3)
  A fire elemental (D:14)
  A redback (Spider:1)
  4 wargs (Orc:2)
  A water moccasin (Lair:1)
  7 ogres
  8 orc warriors
  2 wolves (Lair:5)
  2 bullfrogs (Lair:2)
  4 orc priests
  3 orc wizards
  Terence (D:2)
  15 orcs
  A goblin (Bailey)
  A quokka (D:2)
125 creatures vanquished.

Vanquished Creatures (others)
  A deep elf knight (Elf:1)
  3 orc wizards (D:11)
  21 fungi
  58 plants
  3 withered plants (D:15)
86 creatures vanquished.

Grand Total: 803 creatures vanquished

Notes
Turn   | Place    | Note
-------+----------+-------------------------------------------
     0 | D:1      | Zlot the Demonspawn Brigand began the quest for the Orb.
     0 | D:1      | Reached XP level 1. HP: 16/16 MP: 1/1
    76 | D:1      | Reached skill level 1 in Spellcasting
   146 | D:1      | Gained mutation: A weak demonic guardian rushes to your
                  | aid. [demonic ancestry]
   146 | D:1      | Reached XP level 2. HP: 22/22 MP: 4/4
   769 | D:2      | Gained mutation: You are partially covered in sharp spines.
                  | [demonic ancestry]
   769 | D:2      | Reached XP level 3. HP: 20/27 MP: 6/6
   857 | D:2      | Noticed Terence
   865 | D:2      | Killed Terence
  1054 | D:2      | Found Qaeby's Assorted Antiques.
  1066 | D:2      | Noticed Sigmund
  1075 | D:2      | Killed Sigmund
  1076 | D:2      | Reached skill level 5 in Spellcasting
  1076 | D:2      | Reached XP level 4. HP: 33/33 MP: 8/11
  1076 | D:2      | Gained mutation: You are mostly covered in sharp spines.
                  | [demonic ancestry]
  1076 | D:2      | Reached XP level 5. HP: 38/38 MP: 8/12
  1126 | D:2      | Noticed Jessica
  1134 | D:2      | Killed Jessica
  1214 | D:2      | Learned a level 1 spell: Slow
  1495 | D:2      | Reached XP level 6. HP: 44/44 MP: 14/14
  1634 | D:3      | Found a radiant altar of Vehumet.
  2043 | D:3      | Reached skill level 1 in Hexes
  2962 | D:4      | Found a snail-covered altar of Cheibriados.
  3183 | D:5      | Entered Level 5 of the Dungeon
  3312 | D:5      | Noticed Grinder
  3324 | D:5      | Killed Grinder
  3325 | D:5      | Gained mutation: You have large cloven feet. [demonic
                  | ancestry]
  3325 | D:5      | Reached XP level 7. HP: 44/50 MP: 14/16
  3395 | D:5      | Reached skill level 1 in Dodging
  3395 | D:5      | Reached skill level 4 in Stealth
  3431 | D:5      | Reached skill level 1 in Armour
  3436 | D:5      | Reached XP level 8. HP: 30/57 MP: 17/17
  3552 | D:5      | Noticed Edmund
  3568 | D:5      | Killed Edmund
  3569 | D:5      | Reached skill level 5 in Stealth
  4397 | D:6      | Reached skill level 6 in Stealth
  4456 | D:5      | Reached skill level 5 in Hexes
  4656 | D:6      | Found a staircase to the Ecumenical Temple.
  4662 | Temple   | Entered the Ecumenical Temple
  4810 | Temple   | Became a worshipper of Gozag Ym Sagoz the Greedy
  5150 | D:6      | Found a transporter.
  5157 | D:6      | Found a transporter.
  5181 | D:6      | Found Wauro's Antique Armour Shop.
  5217 | D:6      | Identified the +4 trident of Doom {venom, Drain rPois rN+
                  | Int+3}
  5217 | D:6      | Identified the +5 ring mail "Lazuthop" {Int-2 Dex+2 Slay+2}
  5241 | D:6      | Noticed FlurksSlurper's ghost (novice DsBr)
  5516 | D:7      | Found a flagged portal.
  5521 | D:7      | Reached XP level 9. HP: 57/63 MP: 18/18
  5607 | Bailey   | Entered a bailey
  5616 | Bailey   | Noticed an orc warlord
  5644 | Bailey   | Learned a level 6 spell: Summon Cactus Giant
  5690 | Bailey   | Reached skill level 1 in Summonings
  5704 | Bailey   | Found a runed translucent gate.
  5704 | Bailey   | Found a runed translucent gate.
  5704 | Bailey   | Found a runed translucent gate.
  5915 | Bailey   | Killed an orc warlord
  5916 | Bailey   | Reached skill level 5 in Armour
  6147 | Bailey   | Acquired the +7 Spriggan's Knife {stab, EV+4 Stlth+}
  6147 | Bailey   | Found the +7 Spriggan's Knife {stab, EV+4 Stlth+}
  6303 | D:7      | Found an ancient bone altar of Kikubaaqudgha.
  6408 | D:7      | Found Wuoduir's Antique Armour Shop.
  6434 | D:7      | Bought a twisted helmet for 228 gold pieces
  6434 | D:7      | Identified the +3 helmet of Mopuywef {+Inv rN+ Stlth+} (You
                  | bought it in a shop on level 7 of the Dungeon)
  6569 | D:7      | Noticed a two-headed ogre
  6585 | D:7      | Killed a two-headed ogre
  6586 | D:7      | Reached XP level 10. HP: 58/73 MP: 19/19
  6735 | D:7      | Found a hazy altar of Hepliaklqana.
  6907 | D:7      | Noticed Prince Ribbit
  6919 | D:7      | Killed Prince Ribbit
  7382 | D:7      | Found an ornate altar of the Wu Jian Council.
  7613 | D:7      | Identified the +1 spear of Jyoducue {venom, *Corrode rElec
                  | Str+5}
  8441 | D:8      | Found a basalt altar of Yredelemnul.
  8504 | D:9      | Noticed a two-headed ogre
  8512 | D:9      | Killed a two-headed ogre
  8513 | D:9      | Reached skill level 5 in Fighting
  8513 | D:9      | Reached skill level 7 in Stealth
  8564 | D:9      | Found a staircase to the Lair.
  8589 | D:9      | Reached skill level 1 in Conjurations
  9180 | D:9      | Learned a level 3 spell: Confusing Touch
  9465 | D:9      | Found a sacrificial altar of Ru.
  9597 | D:10     | Entered Level 10 of the Dungeon
  9946 | D:10     | Found a bloodstained altar of Trog.
  9946 | D:10     | Noticed Snorg
  9957 | D:10     | Killed Snorg
  9958 | D:10     | Reached skill level 8 in Stealth
  9958 | D:10     | Gained mutation: You have hoof-like feet. [demonic
                  | ancestry]
  9958 | D:10     | Reached XP level 11. HP: 43/81 MP: 16/20
 10158 | D:11     | Noticed a two-headed ogre
 10166 | D:11     | Killed a two-headed ogre
 10401 | D:11     | Noticed a two-headed ogre
 10455 | D:11     | Reached skill level 5 in Summonings
 11328 | D:11     | Killed a two-headed ogre
 11645 | D:11     | Reached skill level 9 in Stealth
 12181 | D:12     | You fall into a shaft and drop 2 floors!
 12232 | D:14     | Noticed a two-headed ogre
 12239 | D:14     | Killed a two-headed ogre
 12357 | D:14     | Noticed a tengu warrior
 12371 | D:14     | Noticed a vault guard
 12407 | D:14     | Noticed a white ugly thing
 12424 | D:14     | Killed a white ugly thing
 12440 | D:14     | Found Gayschurch's Assorted Antiques.
 12453 | D:14     | Bought a scroll of fear for 156 gold pieces
 12453 | D:14     | Bought a granite ring for 195 gold pieces
 12453 | D:14     | Bought a glowing black potion for 35 gold pieces
 12453 | D:14     | Bought a scroll of identify for 78 gold pieces
 12453 | D:14     | Bought a scroll of teleportation for 117 gold pieces
 12512 | D:14     | Noticed a centaur warrior
 12521 | D:14     | Killed a centaur warrior
 12524 | D:14     | Found Hiriddo's Assorted Antiques.
 12605 | D:14     | Noticed a centaur warrior
 12614 | D:14     | Killed a centaur warrior
 12615 | D:14     | Gained mutation: You are partially covered in yellow
                  | scales. (AC +2) [demonic ancestry]
 12615 | D:14     | Reached XP level 12. HP: 41/89 MP: 18/22
 12789 | D:14     | Identified the +7 mace of Zyxtupo {flame, *Noise rC++
                  | Str+5}
 13042 | D:12     | Reached skill level 10 in Stealth
 13313 | D:12     | Found a staircase to the Orcish Mines.
 13470 | D:12     | Reached skill level 5 in Dodging
 13653 | D:12     | Gained mutation: Your spells are a little easier to cast,
                  | but a little less powerful. [potion of mutation]
 13653 | D:12     | Gained mutation: Your muscles are strong. (Str +4, Int/Dex
                  | -1) [potion of mutation]
 13721 | D:12     | Found the +3 warlock's mirror {omnireflect}
 13779 | D:12     | Identified the +8 falchion "Hellblazer" {flame, *Rage
                  | Will+++ Str+9 Dex-4}
 13978 | D:12     | Noticed a two-headed ogre
 13990 | D:12     | Killed a two-headed ogre
 14097 | Lair:1   | Entered Level 1 of the Lair of Beasts
 14203 | Lair:1   | Reached skill level 5 in Short Blades
 14341 | Lair:1   | Learned a level 5 spell: Summon Mana Viper
 15510 | Lair:2   | Reached skill level 11 in Stealth
 15511 | Lair:2   | Gained mutation: A demonic guardian rushes to your aid.
                  | [demonic ancestry]
 15511 | Lair:2   | Reached XP level 13. HP: 80/96 MP: 19/25
 15882 | Lair:2   | Noticed Erica
 15888 | Lair:2   | Killed Erica
 16144 | Lair:2   | Found a hole to the Spider Nest.
 16176 | Lair:2   | Found a staircase to the Shoals.
 17501 | Lair:3   | Bought an embroidered cloak for 247 gold pieces
 17501 | Lair:3   | Bought a distressingly furry plate armour for 924 gold
                  | pieces
 17501 | Lair:3   | Identified the +8 plate armour of the Farmer {rF+ Will+}
                  | (You bought it in a shop on level 3 of the Lair of Beasts)
 17631 | Lair:3   | Learned a level 2 spell: Scorch
 17636 | Lair:3   | Learned a level 4 spell: Sticky Flame
 17920 | Lair:4   | Reached skill level 1 in Shields
 18167 | Lair:4   | Reached skill level 12 in Stealth
 18171 | Lair:4   | Reached skill level 5 in Conjurations
 18366 | Lair:4   | Reached skill level 1 in Fire Magic
 18520 | Lair:4   | Identified the +7 dagger of Gixkahosoh {heavy, +Blink Will-
                  | Int+4 Dex+2}
 18639 | Lair:5   | Entered Level 5 of the Lair of Beasts
 18772 | Lair:5   | Got the Exposition on the Glowing Throng
 18811 | Lair:5   | Found a viscous altar of Jiyva.
 18812 | Lair:5   | Found a staircase to the Slime Pits.
 18913 | Lair:5   | Reached skill level 1 in Evocations
 19260 | Lair:5   | Gained mutation: You are completely covered in sharp
                  | spines. [demonic ancestry]
 19260 | Lair:5   | Reached XP level 14. HP: 103/103 MP: 21/26
 19808 | Orc:1    | Entered Level 1 of the Orcish Mines
 19810 | Orc:1    | Noticed Sonja
 20169 | Orc:1    | Killed Sonja
 20285 | Orc:1    | Noticed a purple very ugly thing
 20373 | Orc:1    | Found Bocav's Book Boutique.
 20473 | Orc:1    | Noticed an orc warlord
 20713 | Orc:1    | Killed an orc warlord
 21022 | Orc:1    | Found a transporter.
 21036 | Orc:1    | Found a transporter.
 21049 | Orc:1    | Noticed DogOnAStick's ghost (novice MfGl)
 21203 | Orc:2    | Entered Level 2 of the Orcish Mines
 21316 | Orc:2    | Found a staircase to the Elven Halls.
 21549 | Orc:2    | Reached skill level 5 in Evocations
 21559 | Orc:2    | Found Obrunke Xeta's Armour Emporium.
 21559 | Orc:2    | Found Woogohann's Armour Boutique.
 21559 | Orc:2    | Found Yfapral's General Store.
 21559 | Orc:2    | Found Biolog's Antique Armour Shoppe.
 22288 | Orc:2    | Found Xoety's Armour Shoppe.
 22510 | Orc:2    | Bought an encrusted scale mail for 288 gold pieces
 22510 | Orc:2    | Identified the +0 scale mail of the Enchanted Forest {rElec
                  | Str+2 Int+3 Dex-5} (You bought it in a shop on level 2 of
                  | the Orcish Mines)
 22516 | Orc:2    | Bought 2 atropa-tipped darts for 21 gold pieces
 22683 | Orc:2    | Upgraded the game from 0.31-a0-5-g84e6b3452c to
                  | 0.31-a0-8-gd14b0f4ee2
 22848 | D:7      | Bought an embroidered scarf for 192 gold pieces
 22943 | D:2      | Bought a pair of runed gloves for 157 gold pieces
 23155 | D:14     | Bought a condenser vane for 1440 gold pieces
 23752 | D:14     | Found Pafuffut's Assorted Antiques.
 23760 | D:14     | Bought a scroll of blinking for 270 gold pieces
 23765 | D:14     | Found Okuoc's Antique Weapon Shoppe.
 23984 | D:14     | Noticed Azrael
 24194 | D:14     | Killed Azrael
 24686 | D:14     | Gained mutation: Your magical and physical power is
                  | slightly enhanced at high health. [demonic ancestry]
 24686 | D:14     | Reached XP level 15. HP: 61/109 MP: 27/27
 24928 | D:14     | Found a gate to the Vaults.
 25223 | D:14     | Found Lauruucw's Magic Scroll Emporium.
 25498 | D:15     | Entered Level 15 of the Dungeon
 25751 | D:15     | Found a staircase to the Depths.
 25798 | D:15     | Reached skill level 10 in Evocations
 26630 | D:15     | Identified the +1 pair of boots of Yredelemnul's Delight
                  | {Rampage Int+4 SInv}
 26782 | D:15     | Identified Roxanne's Verses on Orogeny
 26782 | D:15     | Noticed Roxanne
 26797 | D:15     | Killed Roxanne
 27171 | Spider:1 | Entered Level 1 of the Spider Nest
 28180 | Spider:1 | Identified the +4 ring mail of the Butcher {-Cast rElec
                  | rCorr Dex+7}
 29091 | Shoals:1 | Entered Level 1 of the Shoals
 29094 | Shoals:1 | Noticed Frances
 29256 | Lair:2   | Killed Frances
 29651 | Elf:1    | Entered Level 1 of the Elven Halls
 29833 | Elf:1    | Reached skill level 10 in Spellcasting
 29833 | Elf:1    | You fall into a shaft and drop 1 floor!
 29873 | Elf:2    | Reached XP level 16. HP: 118/118 MP: 16/30
 30196 | Elf:2    | Demolished by a +6 eveningstar of draining

Illustrated notes

Levels and vault maps discovered:
D:1:      wheals_arrival_shading, layout_loops_ring, corexii_leaking_fountain,
          st_stairs_5, minmay_misc_feat_plants
D:2:      kennysheep_big_flooded_room, layout_loops_ring, serial_shops,
          nicolae_square_shop, uniq_terence, uniq_jessica, uniq_sigmund
D:3:      layout_loops_ring, old_standard_altar, minmay_joined_circles
D:4:      layout_loops_ring, mainiacjoe_overflow_alcove_2
D:5:      minmay_polygon_palace, layout_basic, kennysheep_mini, minivault_11,
          uniq_edmund, uniq_grinder
D:6:      layout_rooms, minmay_temple_entry_waves,
          gammafunk_ghost_gnarly_gnolls, serial_shops, shop, dk_noncrumbling_3
D:7:      layout_layer_cave, lemuel_round_altar,
          worldfamousw_hep_ancestral_shrine, nicolae_wu_jian_glorious_leap,
          serial_shops, shop, enter_bailey_6, uniq_prince_ribbit1
D:8:      layout_loops_corners, lemuel_coloured_pillars_altar
D:9:      layout_roguey, mainiacjoe_overflow_alcove_1, lair_entry_dummy
D:10:     lemuel_ice_spiral_2, layout_basic, lemuel_round_altar,
          old_standard_altar, uniq_snorg
D:11:     layout_roguey [special_room_bee]
D:12:     layout_basic, erik_orc_1
D:13:     layout_roguey
D:14:     layout_stronghold, grunt_vaults_entry_fortified, serial_shops,
          nicolae_shop_rolled_up, nicolae_square_shop, shop,
          nicolae_shop_advertising_works [nicolae_subvault_shop_adworks],
          nicolae_shop_dealshenge, kennysheep_generic_room_10, uniq_azrael
D:15:     gammafunk_depths_entry_grave, layout_layer_cave, nicolae_water_bricks,
          uniq_roxanne
Temple:   minmay_temple_forest_path
Lair:1:   layout_gridlike, grunt_megastairs_2
Lair:2:   layout_layer_cave, shoals_dummy_entry, dummy_spider_entry,
          serial_bayou_lagoon_a, beast_lair_carwin_1, uniq_erica
Lair:3:   layout_cave_shapes
Lair:4:   nzn_winding_woodlands_medium [nzn_winding_woodlands_5x5_open_star,
          nzn_winding_woodlands_5x15_lazy_stream,
          nzn_winding_woodlands_5x5_cross, nzn_winding_woodlands_5x5_three,
          nzn_winding_woodlands_center_pierced_h,
          nzn_winding_woodlands_5x5_checkerboard,
          nzn_winding_woodlands_5x5_closed_star,
          nzn_winding_woodlands_5x15_longhouse,
          nzn_winding_woodlands_5x5_default], layout_long_grid,
          serial_bayou_pond_c, minivault_25
Lair:5:   gammafunk_lair_ancient_temple, layout_long_grid,
          nicolae_slime_entry_slimehenge, nzn_sisyphean_effort,
          grunt_megastairs_5
Shoals:1: layout_shoals, gammafunk_ghost_wrathful_warriors, uniq_frances
Spider:1: layout_spider_delve
Orc:1:    layout_caves, serial_shops, nicolae_shop_hallway_plus,
          gammafunk_ghost_abyssal_escape, uniq_sonja
Orc:2:    st_orc_ogre_mass, layout_caves, serial_shops,
          nicolae_shop_pleasant_corner_grove
Elf:1:    layout_geoelf_grid, serial_shops, nicolae_shop_real_fake_doors,
          minmay_elf_annihilation, hangedman_elf_represent
Elf:2:    nicolae_elf_blades_splatter_lattice
          [nicolae_blade_entry_hurt_lockers], layout_gridlike, basic_altar,
          ebering_ghost_reflecting_pool, nicolae_elf_stone_circles

Skill      XL: |  1  2  3  4  5  6  7  8  9 10 11 12 13 14 15 16 |
---------------+-------------------------------------------------+-----
Spellcasting   | 1 2 5 6 7 8 10 | 10.2
Hexes          | 3 4 5 6 7 8 |  8.9
Dodging        | 1 2 3 4 5 6 7 |  7.2
Stealth        | 4 6 8 9 11 12 | 12.7
Armour         | 1 3 5 6 7 |  7.1
Throwing       | 2 3 4 |  4.2
Fighting       | 3 4 5 6 7 8 |  8.7
Summonings     | 3 4 6 7 8 |  8.6
Short Blades   | 2 3 4 5 6 |  6.6
Conjurations   | 2 3 5 7 |  7.4
Shields        | 2 3 4 |  4.8
Fire Magic     | 1 3 4 |  4.8
Evocations     | 1 9 10 | 10.7

Action                     |  1- 3 |  4- 6 |  7- 9 | 10-12 | 13-15 | 16-18 || total
---------------------------+-------+-------+-------+-------+-------+-------++-------
  Melee: Dagger            |    43 |       |       |       |       |       ||    43
         Mace              |    33 |    94 |   139 |       |       |       ||   266
         Punch             |       |     2 |       |     3 |       |       ||     5
         Kick              |       |       |    42 |       |       |       ||    42
         Knife             |       |       |    40 |   577 |   868 |    19 ||  1504
         Falchion          |       |       |       |       |    14 |       ||    14
  Throw: Dart              |     4 |       |    15 |     8 |    30 |       ||    57
         Boomerang         |       |       |     5 |       |       |       ||     5
         Throwing net      |       |       |     2 |       |       |       ||     2
   Cast: Slow              |       |       |     4 |       |     1 |       ||     5
         Confusing Touch   |       |       |       |    52 |    59 |       ||   111
         Summon Mana Viper |       |       |       |     3 |    54 |     2 ||    59
         Summon Cactus Gia |       |       |       |       |    30 |     8 ||    38
         Sticky Flame      |       |       |       |       |    12 |     1 ||    13
         Scorch            |       |       |       |       |     4 |       ||     4
 Invoke: Call Merchant     |       |       |       |       |     1 |       ||     1
         Potion Petition   |       |       |       |       |     2 |       ||     2
Ability: Evoke Invisibilit |       |       |       |       |     1 |       ||     1
  Evoke: Wand              |       |     5 |    10 |       |     5 |       ||    20
         Phantom mirror    |       |       |       |       |     2 |       ||     2
         Condenser vane    |       |       |       |       |     2 |       ||     2
    Use: Scroll            |       |       |     8 |    13 |    15 |       ||    36
         Potion            |       |       |     6 |     2 |     5 |     2 ||    15
   Stab: Sleeping          |     4 |     1 |       |    22 |    68 |       ||    95
         Distracted        |       |       |     2 |    16 |    34 |     1 ||    53
         Confused          |       |       |       |    47 |    50 |       ||    97
         Invisible         |       |       |       |       |    13 |       ||    13
 Armour: Robe              |     4 |       |     1 |   150 |   211 |     5 ||   371
         Ring mail         |    30 |    12 |       |       |       |       ||    42
         Scale mail        |       |    35 |       |       |       |       ||    35
         Chain mail        |       |    15 |   134 |       |       |       ||   149
  Dodge: Dodged            |    45 |    45 |    61 |   353 |   488 |    13 ||  1005
  Block: Other             |       |       |     7 |   111 |       |       ||   118
         Reflection        |       |       |     1 |     3 |    31 |     7 ||    42
         Buckler           |       |       |       |    56 |   550 |    21 ||   627

Table legend: (Time is in decaauts)
 A = Elapsed time spent in this place.
 B = Non-inter-level travel time spent in this place.
 C = Inter-level travel time spent in this place.
 D = Time resting spent in this place.
 E = Time spent auto-exploring this place.
 F = Levels seen in this place.
 G = Mean time per level.
                   A        B        C        D        E       F      G
               +--------+--------+--------+--------+--------+-----+--------+
         Total |  30030 |  27605 |   2425 |   4578 |  16553 |  28 | 1072.5 |
       Dungeon |  17923 |  16373 |   1550 |   2292 |  10579 |  15 | 1194.9 |
        Temple |    430 |    377 |     53 |      0 |    355 |   1 |  430.0 |
          Lair |   6716 |   6018 |    698 |   1086 |   3450 |   5 | 1343.2 |
        Shoals |     69 |     69 |      0 |      0 |     14 |   1 |   69.0 |
   Spider Nest |   1422 |   1365 |     57 |    350 |    754 |   1 | 1422.0 |
  Orcish Mines |   2409 |   2345 |     64 |    600 |   1147 |   2 | 1204.5 |
   Elven Halls |    431 |    431 |      0 |     56 |    157 |   2 |  215.5 |
        Bailey |    626 |    626 |      0 |    194 |     96 |   1 |  626.0 |
               +--------+--------+--------+--------+--------+-----+--------+

Top non-repeatable levels by time:
    D:14: 2530 daAuts
  Lair:2: 2168 daAuts
    D:12: 1897 daAuts
  Lair:1: 1652 daAuts
     D:7: 1570 daAuts
    D:15: 1507 daAuts
     D:9: 1436 daAuts
Spider:1: 1422 daAuts
    D:11: 1409 daAuts
   Orc:2: 1326 daAuts
     D:5: 1323 daAuts
    D:10: 1262 daAuts
  Lair:4: 1116 daAuts
   Orc:1: 1083 daAuts
     D:2: 952 daAuts
